 Dungeon Crawl Stone Soup version 0.29.1-1-gd02db6906a (webtiles) character file.

Game seed: 17894708212713121668

10 112233 the Caller (level 2, -2/15 HPs)
             Began as a Kobold Summoner on Oct 6, 2022.
             Slain by a goblin
             ... wielding a +0 dagger
              (3 damage)
             ... on level 1 of the Dungeon.
             The game lasted 00:00:32 (601 turns).

112233 the Caller (Kobold Summoner)                  Turns: 601, Time: 00:00:33

Health: -2/15      AC:  2    Str:  5    XL:     2   Next: 30%
Magic:  4/5        EV: 15    Int: 16    God:
Gold:   38         SH:  0    Dex: 15    Spells: 2/5 levels left

rFire   . . .      SeeInvis .   f - +0 club
rCold   . . .      Faith    .   (no shield)
rNeg    . . .      Spirit   .   a - +0 robe
rPois   .          Reflect  .   (no helmet)
rElec   .          Harm     .   (no cloak)
rCorr   .          Rampage  .   (no gloves)
Will    .....                   (no boots)
Stlth   +++.......              (no amulet)
HPRegen 0.05/turn               (no ring)
MPRegen 0.09/turn               (no ring)

@: no status effects
A: small, no large weapons, nightstalker 3
a: no special abilities


You were on level 1 of the Dungeon.
You visited 1 branch of the dungeon, and saw 1 of its levels.

You collected 38 gold pieces.

Inventory:

Hand Weapons
 f - a +0 club (weapon)
Armour
 a - a +0 robe (worn)
Scrolls
 d - a scroll of vulnerability {unknown}
Potions
 b - a potion of magic
 c - a potion of brilliance {unknown}
 e - a potion of curing {unknown}


   Skills:
 + Level 2.7 Dodging
 + Level 3.1 Stealth
 + Level 2.4 Spellcasting
 + Level 4.1 Summonings


You had 2 spell levels left.
You knew the following spells:

 Your Spells              Type           Power      Damage    Failure   Level
a - Summon Small Mammal   Summ           60%        N/A       3%          1
b - Call Imp              Summ           15%        N/A       5%          2

Your spell library contained the following spells:

 Spells                   Type           Power      Damage    Failure   Level
 Call Canine Familiar     Summ           15%        N/A       11%         3
 Summon Guardian Golem    Hex/Summ       8%         N/A       26%         3
 Summon Lightning Spire   Summ/Air       8%         N/A       65%         4


Dungeon Overview and Level Annotations

Branches:
Dungeon (1/15)

Altars:


Innate Abilities, Weirdness & Mutations

You are small and have problems with some larger weapons.
You are completely attuned to the shadows.


Message History

Your rat barely misses the endoplasm.
The endoplasm hits you. The goblin hits you with a +0 dagger.
You hit the endoplasm but do no damage.
The endoplasm is almost dead.
Your rat completely misses the endoplasm.
The endoplasm freezes you.
You are frozen.
The goblin hits you with a +0 dagger.
Unknown command.
You hit the endoplasm.
You kill the endoplasm!
The goblin misses your rat. The goblin hits you with a +0 dagger.
You are too injured to fight recklessly!
You swap places.
Your bat barely misses the goblin.
Your rat misses the goblin.
The goblin hits your rat with a +0 dagger.
Your bat misses the goblin.
Your rat bites the goblin.
The goblin closely misses your rat. The goblin closely misses you.
You are too injured to fight recklessly!
You are too injured to fight recklessly!
Unknown command.
Unknown command.
You are too injured to fight recklessly!
You are too injured to fight recklessly!
Unknown command.
Unknown command.
You barely miss the goblin. Your bat hits the goblin.
Your bat barely misses the goblin.
Your rat bites the goblin.
The goblin hits your rat with a +0 dagger.
Your rat dies!
Your rat's corpse disappears in a puff of smoke!
The goblin hits you with a +0 dagger.
* * * LOW HITPOINT WARNING * * *
The goblin barely misses you.
You closely miss the goblin.
The goblin is moderately wounded.
Your bat hits the goblin.
Your bat barely misses the goblin.
The goblin barely misses you.
Unknown command.
The goblin attacks as you move away! The goblin misses you.
The goblin attacks as you move away! The goblin hits you with a +0 dagger.
You die...

####..###..#.#
#..'### ###'.#
#.### #..# #.#
#..#### #.#
#..r..#># #.#
##.##.#.# .
#.# #.##.#b#
.# #.#
#.##.#g#.##
..#
#.##.@g...#
### #...#....
........#.
##.>.####
##.##


You could see 2 goblins and a friendly bat (summoned).

Vanquished Creatures
  2 endoplasms (D:1)
2 creatures vanquished.

Vanquished Creatures (collateral kills)
  An endoplasm (D:1)
  2 giant cockroaches (D:1)
  A hobgoblin (D:1)
  A kobold (D:1)
  2 rats (D:1)
7 creatures vanquished.

Grand Total: 9 creatures vanquished

Notes
Turn   | Place    | Note
-------+----------+-------------------------------------------
     0 | D:1      | 112233 the Kobold Summoner began the quest for the Orb.
     0 | D:1      | Reached XP level 1. HP: 10/10 MP: 3/3
   370 | D:1      | Reached XP level 2. HP: 15/15 MP: 1/5
   473 | D:1      | Found a faded altar of an unknown god.
   477 | D:1      | Learned a level 2 spell: Call Imp
   601 | D:1      | Slain by a goblin

Illustrated notes

Levels and vault maps discovered:
D:1:      tarquinn_simple_flora_water_f, layout_loops_ring,
          hellmonk_ecumenical_altar_slurped_away

Skill      XL: |  1  2 |
---------------+-------+-----
Stealth        | 3 |  3.1
Dodging        | |  2.7
Spellcasting   | |  2.4
Summonings     | |  4.1

Action                   || total
-------------------------++-------
Melee: Club              ||     6
 Cast: Summon Small Mamm ||    21
Armor: Robe              ||     1
Dodge: Dodged            ||    10
